 Dungeon Crawl Stone Soup version 0.31-a0-66-ge618eeaa78 (webtiles) character file.

Game seed: 2539761510532266825

40 Sobieck the Trooper (level 3, -3/37 HPs)
             Began as an Ogre Warper on May 22, 2023.
             Was a Believer of Jiyva.
             Slain by an orc
             ... wielding a +0 club
              (4 damage)
             ... on level 3 of the Dungeon.
             The game lasted 00:03:59 (1857 turns).

Sobieck the Trooper (Ogre Warper)                   Turns: 1857, Time: 00:04:00

Health: -3/37      AC:  3    Str: 15    XL:     3   Next: 50%
Magic:  16/16      EV: 10    Int: 16    God:    Jiyva [**....]
Gold:   43         SH:  0    Dex:  8    Spells: 8/8 levels left

rFire   . . .        a - +0 mace {mace}
rCold   . . .        (no shield)
rNeg    . . .        b - +0 robe
rPois   .            (helmet restricted)
rElec   .            (no cloak)
rCorr   +            (gloves unavailable)
SInv    .            (boots unavailable)
Will    .....        j - amulet of magic regeneration {@e2}
Stlth   +            k - ring of magical power
HPRegen 1.22/turn    (no ring)
MPRegen 0.85/turn

%: no passive effects
@: no status effects
A: large, unfitting armour, tough skin 1
a: Renounce Religion


You were on level 3 of the Dungeon.
You worshipped Jiyva.
Jiyva was pleased with you.
You visited 1 branch of the dungeon, and saw 3 of its levels.

You collected 43 gold pieces.


Innate Abilities, Weirdness & Mutations

You are too large for most types of armour.
You have tough skin. (AC +1)


   Skills:
 + Level 3.4 Fighting
 + Level 2.3 Maces & Flails
 - Level 1.0 Throwing
 + Level 2.5 Dodging
 - Level 3.0 Spellcasting
 - Level 2.6 Translocations


You had 8 spell levels left.
You didn't know any spells.
Your spell library contained the following spells:

 Spells                   Type           Power      Damage    Failure   Level
 Blink                    Tloc           22%        N/A       10%         2
 Lesser Beckoning         Tloc           22%        N/A       10%         2
 Teleport Other           Tloc           11%        N/A       19%         3
 Vhi's Electric Charge    Tloc/Air       10%        N/A       36%         3
 Manifold Assault         Tloc           11%        N/A       52%         4

Inventory:

Hand Weapons
 a - a +0 mace (weapon) {mace}
 l - a +4 dagger {short}
   (You took it off a kobold on level 2 of the Dungeon)
 m - a +1 mace of protection {mace}
   (You found it on level 2 of the Dungeon)
Missiles
 d - 7 boomerangs of dispersal (quivered) {=f!fthrowing}
 h - 11 stones {throwing}
Armour
 b - a +0 robe (worn)
Jewellery
 j - an amulet of magic regeneration (around neck) {@e2}
   (You found it on level 1 of the Dungeon)
 k - a ring of magical power (left hand)
   (You found it on level 1 of the Dungeon)
Scrolls
 c - a scroll of blinking {!r}
 f - 3 scrolls of teleportation {unknown}
 g - 3 scrolls of identify {unknown}
 i - a scroll of brand weapon {unknown}
Potions
 e - a potion of degeneration {unknown}

Dungeon Overview and Level Annotations

Branches:
Dungeon (3/15) Zot: 16109

Altars:
Wu Jian
Jiyva

#.....#.### #.....#.#..
#..[..#.#.# #.....#.#.#
#..<..#.#.#
#.#).##.#.####### .
#................
...########.#o._.######
...........oo@....#
........###.#o....#
........# #.#.....#
........# #.#.....#
........# #.#.....#
#####+### #.#.....#
..#####........ ###
#########


You could see an orc wizard and 3 orcs.


Message History

You hit the orc wizard. The orc wizard misses you.
The orc hits you with a +0 club.
You hit the orc wizard.
The orc wizard hits you with a +0 dagger.
The orc barely misses you. x2
You barely miss the orc wizard.
The orc wizard hits you with a +0 dagger.
The orc hits you with a +0 club. The orc barely misses you. x2
The orc misses you.
The orc wizard hits you with a +0 dagger.
You are too injured to fight recklessly!
You are too injured to fight recklessly!
Unknown command.
The orc attacks as you move away! The orc hits you with a +0 club.
The orc wizard casts a spell at you.
You are confused.
The orc wizard casts a spell at you. You resist with some effort.
The orc closely misses you.
You see here a +0 mace {mace}.
The orc hits you with a +0 club.
Unknown command.
You closely miss the orc.
The orc wizard hits you but does no damage.
The orc hits you but does no damage.
You're too confused to move!
The orc wizard gestures at you while chanting.
You are more confused.
You barely miss the orc.
The orc wizard hits you with a +0 dagger.
The orc closely misses you. x2
Unknown command.
You bump into the rock wall.
The orc wizard gestures at you while chanting.
You are more confused.
The orc hits you with a +0 club. The orc hits you but does no damage.
Unknown command.
You hit the orc.
The orc wizard hits you with a +0 dagger.
The orc hits you with a +0 club. x2
Unknown command.
The orc attacks as you move away! The orc hits you with a +0 club.
* * * LOW HITPOINT WARNING * * *
Unknown command.
The orc attacks as you move away! The orc hits you but does no damage.
You bump into the rock wall.
Unknown command.
Unknown command.
You bump into the rock wall.
The orc wizard barely misses you. The orc hits you with a +0 club.
Unknown command.
Unknown command.
You bump into the rock wall.
Unknown command.
You barely miss the orc.
The orc wizard hits you with a +0 dagger.
An orc comes into view. It is wielding a +0 club.
The orc hits you with a +0 club. x2
* * * LOW HITPOINT WARNING * * *
The orc wizard points at you and mumbles some strange words.
You resist with some effort.
The orc shouts!
You hit the orc wizard but do no damage.
You feel less confused.
The orc wizard hits you with a +0 dagger.
* * * LOW HITPOINT WARNING * * *
The orc closely misses you. The orc hits you with a +0 club.
* * * LOW HITPOINT WARNING * * *
Unknown command.
You closely miss the orc. The orc wizard misses you. The orc barely misses you.
The orc closely misses you.
Unknown command.
You hit the orc.
The orc wizard hits you with a +0 dagger.
* * * LOW HITPOINT WARNING * * *
The orc hits you with a +0 club.
* * * LOW HITPOINT WARNING * * *
The orc barely misses you.
Unknown command.
Unknown command.
Okay, then.
Unknown command.
You hit the orc wizard.
The orc wizard hits you with a +0 dagger.
* * * LOW HITPOINT WARNING * * *
The orc hits you with a +0 club.
* * * LOW HITPOINT WARNING * * *
The orc closely misses you. The orc hits you with a +0 club.
* * * LOW HITPOINT WARNING * * *
The orc wizard barely misses you. The orc closely misses you.
You barely miss the orc wizard.
The orc wizard hits you with a +0 dagger.
* * * LOW HITPOINT WARNING * * *
The orc hits you but does no damage. The orc hits you with a +0 club.
* * * LOW HITPOINT WARNING * * *
Unknown command.
You closely miss the orc wizard. The orc wizard barely misses you.
The orc hits you with a +0 club.
* * * LOW HITPOINT WARNING * * *
The orc hits you with a +0 club.
You die...

Skill      XL: |  1  2  3 |
---------------+----------+-----
Maces & Flails | 2 |  2.3
Fighting       | 3 |  3.4
Spellcasting   | 3 |  3.0
Throwing       | |  1.0
Dodging        | |  2.5
Translocations | |  2.6

Action                     || total
---------------------------++-------
  Melee: Mace              ||   113
   Stab: Sleeping          ||     1
 Armour: Robe              ||    38
  Dodge: Dodged            ||    84

Levels and vault maps discovered:
D:1:      roderic_crop_circles_arrival_small, layout_basic,
          shapermc_ecumenical_altar_acropolis, grunt_decor_one_mirror
D:2:      layout_basic
D:3:      lemuel_castle_with_subvaults [lemuel_castle_interior_original],
          layout_basic, overflow_temple_1_default, yredelemnul_altar_generic,
          uniq_pargi

Notes
Turn   | Place    | Note
-------+----------+-------------------------------------------
     0 | D:1      | Sobieck the Ogre Warper began the quest for the Orb.
     0 | D:1      | Reached XP level 1. HP: 22/22 MP: 3/3
   316 | D:1      | Reached skill level 2 in Maces & Flails
   316 | D:1      | Reached XP level 2. HP: 24/29 MP: 5/5
   352 | D:1      | Reached skill level 3 in Fighting
   512 | D:1      | Found a faded altar of an unknown god.
   541 | D:1      | Prayed at the altar of an unknown god.
   541 | D:1      | Became a worshipper of Jiyva Jajuo the Shapeless
   541 | D:1      | Reached * piety under Jiyva
  1330 | D:2      | Reached ** piety under Jiyva
  1423 | D:2      | Reached XP level 3. HP: 29/37 MP: 7/7
  1794 | D:3      | Found an ornate altar of the Wu Jian Council.
  1796 | D:3      | Reached skill level 3 in Spellcasting
  1855 | D:3      | HP: 6/37 [orc/+0 club (4)]
  1857 | D:3      | HP: 1/37 [orc/+0 club (4)]
  1857 | D:3      | Slain by an orc

Vanquished Creatures
  An adder (D:2)
  A dart slug (D:2)
  An orc (D:3)
  2 endoplasms (D:1)
  A giant cockroach (D:1)
  2 goblins (D:1)
  3 quokkas
  3 ball pythons (D:1)
  3 bats
  2 frilled lizards (D:1)
  5 kobolds
  3 rats (D:1)
27 creatures vanquished.

Vanquished Creatures (others)
  An adder (D:2)
  A worm (D:2)
  2 endoplasms (D:3)
  A giant cockroach (D:1)
  3 kobolds
  A rat (D:1)
9 creatures vanquished.

Grand Total: 36 creatures vanquished

Table legend:
 A = Non-vault XP
 B = Vault XP
 C = Vault XP percentage of total XP
 D = Non-vault monster count
 E = Vault monster count
 F = Vault count percentage of total count
                 A         B        C        D         E       F
            +---------+---------+-------+---------+---------+-------
      Total |      58 |       0 |   0.0 |      28 |       0 |   0.0
            +---------+---------+-------+---------+---------+-------
        D:1 |      25 |       0 |   0.0 |      18 |       0 |   0.0
        D:2 |      29 |       0 |   0.0 |       8 |       0 |   0.0
        D:3 |       4 |       0 |   0.0 |       2 |       0 |   0.0
            +---------+---------+-------+---------+---------+-------

Skill      XL: |  1  2  3 |
---------------+----------+-----
Maces & Flails | 2 |  2.3
Fighting       | 3 |  3.4
Spellcasting   | 3 |  3.0
Throwing       | |  1.0
Dodging        | |  2.5
Translocations | |  2.6

Action                     || total
---------------------------++-------
  Melee: Mace              ||   113
   Stab: Sleeping          ||     1
 Armour: Robe              ||    38
  Dodge: Dodged            ||    84

Illustrated notes

Table legend:
 A = Kills in this place as a percentage of kills in the entire game.
 B = Kills by you in this place as a percentage of kills by you in the entire game.
 C = Kills by friends in this place as a percentage of kills by friends in the entire game.
 D = Other kills in this place as a percentage of other kills in the entire game.
 E = Experience gained in this place as a percentage of experience gained in the entire game.
 F = Experience gained in this place divided by the number of levels of this place that you have seen.
                   A       B       C       D       E      F
               +-------+-------+-------+-------+-------+----------------------
         Total | 100.0 | 100.0 |   N/A | 100.0 | 100.0 |  19.3
       Dungeon | 100.0 | 100.0 |   N/A | 100.0 | 100.0 |  19.3
               +-------+-------+-------+-------+-------+----------------------

Table legend: (Time is in decaauts)
 A = Elapsed time spent in this place.
 B = Non-inter-level travel time spent in this place.
 C = Inter-level travel time spent in this place.
 D = Time resting spent in this place.
 E = Time spent auto-exploring this place.
 F = Levels seen in this place.
 G = Mean time per level.
                   A        B        C        D        E       F      G
               +--------+--------+--------+--------+--------+-----+--------+
         Total |   1889 |   1845 |     44 |     64 |   1485 |   3 |  629.7 |
       Dungeon |   1889 |   1845 |     44 |     64 |   1485 |   3 |  629.7 |
               +--------+--------+--------+--------+--------+-----+--------+

Top non-repeatable levels by time:
     D:1: 1241 daAuts
     D:2: 580 daAuts
     D:3: 67 daAuts
